 Dungeon Crawl Stone Soup version 0.21.1-1-g345015f (webtiles) character file.

11 shakethe the Ducker (level 2, -2/17 HPs)
             Began as a Deep Elf Gladiator on Feb 27, 2018.
             Slain by a hobgoblin (4 damage)
             ... on level 1 of the Dungeon.
             The game lasted 00:00:19 (109 turns).

shakethe the Ducker (Deep Elf Gladiator)             Turns: 109, Time: 00:00:20

Health: -2/17      AC:  4    Str: 11    XL:     2   Next: 13%
Magic:  4/4        EV: 13    Int: 12    God:
Gold:   0          SH:  0    Dex: 16    Spells: 1/1 levels left

rFire    . . .     SeeInvis .   a - +0 war axe
rCold    . . .     Gourm    .   (no shield)
rNeg     . . .     Faith    .   b - +0 leather armour
rPois    .         Spirit   .   c - +0 helmet
rElec    .         Reflect  .   (no cloak)
rCorr    .         Harm     .   (no gloves)
MR       .....                  (no boots)
Stlth    +.........             (no amulet)
HPRegen  0.05/turn              (no ring)
MPRegen  0.09/turn              (no ring)

@: no status effects
A: no striking features
a: no special abilities


You were on level 1 of the Dungeon.
You were not hungry.

You visited 1 branch of the dungeon, and saw 1 of its levels.

Inventory:

Hand Weapons
 a - a +0 war axe (weapon)
Missiles
 d - 3 throwing nets {=f, !d}
Armour
 b - a +0 leather armour (worn)
 c - a +0 helmet (worn)
Comestibles
 f - a ration


   Skills:
 + Level 1.8 Fighting
 * Level 2.7 Axes
 - Level 2.0 Throwing
 + Level 3.8 Dodging


You had one spell level left.
You didn't know any spells.

Dungeon Overview and Level Annotations

Branches:
Dungeon (1/15)

Altars:


Message History

The bat closely misses you. The bat hits you.
You take 1 damage, and have 7/12 hp.
You are too injured to fight recklessly!
You are too injured to fight recklessly!
You are too injured to fight recklessly!
You are too injured to fight recklessly!
You are too injured to fight recklessly!
You are too injured to fight recklessly!
You are too injured to fight recklessly!
You are too injured to fight recklessly!
You are too injured to fight recklessly!
You are too injured to fight recklessly!
You are too injured to fight recklessly!
You are too injured to fight recklessly!
You are too injured to fight recklessly!
You are too injured to fight recklessly!
You are too injured to fight recklessly!
You are too injured to fight recklessly!
You are too injured to fight recklessly!
You are too injured to fight recklessly!
You are too injured to fight recklessly!
You are too injured to fight recklessly!
You are too injured to fight recklessly!
You are too injured to fight recklessly!
You are too injured to fight recklessly!
Unknown command.
You closely miss the bat. The bat hits you but does no damage.
The bat barely misses you.
You are too injured to fight recklessly!
You are too injured to fight recklessly!
You are too injured to fight recklessly!
You are too injured to fight recklessly!
You are too injured to fight recklessly!
You are too injured to fight recklessly!
You are too injured to fight recklessly!
You are too injured to fight recklessly!
You are too injured to fight recklessly!
You are too injured to fight recklessly!
You barely miss the bat. The bat closely misses you.
A rat comes into view.
The bat misses you. The bat barely misses you.
You slash the bat!
You kill the bat!
You have reached level 2!
The bat hits you.
A bat comes into view.
You regained 2 hp, and now have 9/17 hp.
MP restored: 4 A hobgoblin comes into view.
The hobgoblin shouts!
The bat hits you but does no damage.
You see here a bat corpse.
You are too injured to fight recklessly!
You are too injured to fight recklessly!
You are too injured to fight recklessly!
You are too injured to fight recklessly!
You are too injured to fight recklessly!
You are too injured to fight recklessly!
You are too injured to fight recklessly!
You are too injured to fight recklessly!
You are too injured to fight recklessly!
You are too injured to fight recklessly!
You are too injured to fight recklessly!
You are too injured to fight recklessly!
You are too injured to fight recklessly!
You are too injured to fight recklessly!
You barely miss the rat. The bat hits you. The rat misses you.
You take 1 damage, and have 8/17 hp.
You hit the rat.
You kill the rat!
You miss the bat. The bat hits you but does no damage. The bat hits you.
You take 1 damage, and have 7/17 hp.
The bat hits you but does no damage. The bat barely misses you.
You closely miss the bat. You hit the bat. The bat hits you.
The bat hits you but does no damage. The bat barely misses you. x2
The bat hits you but does no damage. The bat misses you. The bat hits you.
You see here a bat corpse.
You take 1 damage, and have 6/17 hp.
The bat hits you but does no damage. The bat closely misses you.
A goblin comes into view. It is wielding a club.
The bat hits you but does no damage. x2; The hobgoblin barely misses you.
The bat barely misses you.
You see here a bat corpse.
You barely miss the hobgoblin. You miss the bat. You closely miss the bat.
The bat hits you but does no damage. The bat closely misses you.
The hobgoblin hits you.
* * * LOW HITPOINT WARNING * * *
You take 2 damage, and have 4/17 hp.
You barely miss the hobgoblin.
The goblin shouts!
You hit the bat.
You kill the bat!
The bat barely misses you. The hobgoblin hits you.
* * * LOW HITPOINT WARNING * * *
The hobgoblin hits you.
* * * LOW HITPOINT WARNING * * *
You barely miss the hobgoblin. You hit the bat. The bat misses you.
The hobgoblin hits you.
You die...

.#...... .# ...
.#..# .# ...
....##.#.#
............#
#.#..... ... .g.
..###.####
#.#.#.##b#%..#..#
#.....g@.# ..#..#.#
#####.##.###......#
#. #......### #.
#.#†.#...# #.
#.#$?#..$# #.# #.
#.####.###.# ....
#. #....†.....#
...#
##.####..####..#
...#
...............#


You could see a hobgoblin, a goblin and a bat.

Vanquished Creatures
  4 bats (D:1)
  A giant cockroach (D:1)
  A hobgoblin (D:1)
  2 kobolds (D:1)
  A ball python (D:1)
  A rat (D:1)
10 creatures vanquished.

Notes
Turn   | Place    | Note
-------+----------+-------------------------------------------
     0 | D:1      | shakethe the Deep Elf Gladiator began the quest for the Orb.
     0 | D:1      | Reached XP level 1. HP: 12/12 MP: 3/3
    98 | D:1      | Reached XP level 2. HP: 10/17 MP: 4/4
   107 | D:1      | HP: 4/17 [hobgoblin (2)]
   109 | D:1      | Slain by a hobgoblin

Action                   || total
-------------------------++-------
Melee: War axe           ||    42
Armor: Leather armour    ||    36
Dodge: Dodged            ||    70

Vault maps used:
D:1:      sevenhm_arrival_forest_fort_small_4, minmay_octomino_c4

Table legend:
 A = Turns spent in this place as a percentage of turns spent in the entire game.
 B = Non-inter-level travel turns spent in this place as a percentage of non-inter-level travel turns spent in the entire game.
 C = Inter-level travel turns spent in this place as a percentage of turns spent in this place.
 D = Turns resting spent in this place as a percentage of non-inter-level travel turns spent in this place.
 E = Turns spent auto-exploring this place as a percentage of non-inter-level travel turns spent in this place.
 F = Non-inter-level travel turns spent in this place divided by the number of levels of this place that you've seen.
                   A       B       C       D       E      F
               +-------+-------+-------+-------+-------+----------------------
         Total | 100.0 | 100.0 |   0.0 |   0.0 |  43.1 | 109.0
       Dungeon | 100.0 | 100.0 |   0.0 |   0.0 |  43.1 | 109.0
               +-------+-------+-------+-------+-------+----------------------

Table legend:
 A = Kills in this place as a percentage of kills in entire the game.
 B = Kills by you in this place as a percentage of kills by you in the entire game.
 C = Kills by friends in this place as a percentage of kills by friends in the entire game.
 D = Other kills in this place as a percentage of other kills in the entire game.
 E = Experience gained in this place as a percentage of experience gained in the entire game.
 F = Experience gained in this place divided by the number of levels of this place that you have seen.
                   A       B       C       D       E      F
               +-------+-------+-------+-------+-------+----------------------
         Total | 100.0 | 100.0 |   N/A |   N/A | 100.0 |  16.0
       Dungeon | 100.0 | 100.0 |   N/A |   N/A | 100.0 |  16.0
               +-------+-------+-------+-------+-------+----------------------
